Map: Ulrena

Players

Guerrillero - Winner!

  • Race: Protoss Protoss
  • League: Gold
  • Spawn Location: 7:00

zidar

  • Race: Zerg Zerg
  • League: Silver
  • Spawn Location: 11:00

VOD

Have the link to the VOD?

Description

Time

  • Played on: Feb. 19, 2016, 2:20 a.m.
  • Length: 11:33
Show
View Real Time Build Order
Export as new Build Order

Guerrillero Protoss - Winner!

Build Orders: 1 Gate Expand 

Get SALT Encoding   

  12  0:01  Probe (Chrono Boost)  
  13  0:12  Probe (Chrono Boost)  
  14  0:18  Pylon  
  14  0:22  Probe (Chrono Boost)  
  15  0:36  Probe (Chrono Boost)  
  15  0:39  Gateway  
  16  0:47  Assimilator  
  16  0:49  Probe (Chrono Boost)  
  17  1:00  Probe (Chrono Boost)  
  18  1:23  Nexus  
  18  1:32  Cybernetics Core  
  18  1:36  Probe (Chrono Boost)  
  19  1:47  Probe (Chrono Boost)  
  20  1:58  Probe (Chrono Boost)  
  20  2:01  Assimilator  
  21  2:11  Adept  
  21  2:12  Warp Gate  
  23  2:16  Pylon  
  23  2:34  Probe (Chrono Boost)  
  23  2:36  Probe (Chrono Boost)  
  25  2:38  Adept  
  27  2:45  Probe (Chrono Boost)  
  27  2:48  Pylon  
  27  2:51  Probe (Chrono Boost)  
  29  2:55  Probe (Chrono Boost)  
  30  3:02  Probe (Chrono Boost)  
  31  3:06  Probe (Chrono Boost)  
  33  3:13  Probe (Chrono Boost)  
  33  3:16  Probe (Chrono Boost)  
  34  3:22  Robotics Facility  
  34  3:23  Probe (Chrono Boost)  
  34  3:24  Pylon  
  36  3:27  Probe (Chrono Boost)  
  36  3:34  Probe (Chrono Boost)  
  37  3:37  Probe (Chrono Boost)  
  36  3:44  Probe (Chrono Boost)  
  36  3:46  Gateway  
  36  3:48  Probe (Chrono Boost)  
  38  3:55  Mothership Core (Chrono Boost)  
  40  3:59  Probe (Chrono Boost)  
  39  4:04  Assimilator  
  39  4:07  Assimilator  
  39  4:09  Probe (Chrono Boost)  
  40  4:10  Pylon  
  40  4:11  Immortal  
  40  4:13  Probe (Chrono Boost)  
  44  4:21  Probe (Chrono Boost)  
  46  4:24  Probe (Chrono Boost)  
  46  4:25  Stargate  
  46  4:31  Probe (Chrono Boost)  
  46  4:34  Probe (Chrono Boost)  
  48  4:41  Stalker  
  50  4:46  Probe (Chrono Boost)  
  50  4:47  Probe (Chrono Boost)  
  50  4:48  Warp Prism  
  54  4:56  Pylon  
  54  4:57  Pylon  
  54  4:59  Stalker  
  56  5:07  Robotics Bay  
  56  5:08  Phoenix (Chrono Boost)  
  56  5:11  Probe x2  
  60  5:21  Gateway  
  60  5:31  Probe x2  
  60  5:35  Nexus  
  62  5:44  Probe x2  
  64  6:02  Probe x2  
  66  6:16  Probe x2  
  68  6:21  Disruptor  
  68  6:28  Probe x2  
  73  6:43  Void Ray (Chrono Boost)  
  73  6:46  Robotics Facility  
  77  6:48  Pylon  
  77  6:51  Pylon  
  77  6:53  Gateway, Probe  
  77  6:54  Probe  
  77  7:05  Probe  
  77  7:06  Probe  
  77  7:07  Probe  
  80  7:12  Pylon  
  80  7:14  Pylon  
  80  7:15  Stalker x3  
  84  7:17  Probe  
  84  7:18  Probe x2  
  89  7:25  Disruptor (Chrono Boost)  
  92  7:30  Probe  
  92  7:35  Disruptor (Chrono Boost)  
  96  7:41  Void Ray, Probe  
  96  7:42  Probe  
  96  7:43  Probe  
  103  7:44  Twilight Council  
  103  7:47  Pylon  
  103  7:49  Pylon  
  103  7:51  Forge  
  103  7:52  Probe, Forge  
  103  7:54  Probe, Pylon  
  105  8:04  Disruptor (Chrono Boost)  
  108  8:08  Stalker x4  
  116  8:13  Probe  
  116  8:14  Probe x2  
  116  8:18  Assimilator x2  
  119  8:22  Blink  
  119  8:23  Probe  
  119  8:24  Disruptor (Chrono Boost)  
  119  8:26  Probe x2  
  125  8:27  Protoss Ground Weapons Level 1, Protoss Ground Armor Level 1  
  125  8:40  Disruptor (Chrono Boost)  
  128  8:42  Stalker x4  
  128  8:48  Probe  
  136  8:49  Probe x2  
  139  9:01  Gateway  
  139  9:02  Gateway  
  139  9:04  Gateway, Disruptor (Chrono Boost)  
  139  9:05  Void Ray, Pylon  
  139  9:09  Pylon  
  146  9:11  Disruptor (Chrono Boost)  
  149  9:29  Adept x3  
  149  9:30  Adept  
  149  9:31  Pylon  
  157  9:32  Pylon  
  151  10:19  Stalker x4  
  153  10:52  Stalker x4  
  153  10:53  Stalker x3  
  169  10:57  Observer x2 (Chrono Boost)  
  149  11:25  Stalker x6  
  145  11:26  Stalker  
Show
View Real Time Build Order
Export as new Build Order

zidar Zerg 

Build Orders: Hatch First 

Get SALT Encoding   

  12  0:02  Drone  
  13  0:12  Overlord  
  13  0:17  Drone  
  14  0:30  Drone x2  
  14  0:35  Drone  
  17  0:55  Hatchery  
  16  0:58  Drone  
  17  1:17  Spawning Pool, Drone  
  17  1:21  Extractor, Drone  
  17  1:35  Drone  
  17  1:37  Overlord  
  18  1:58  Drone  
  19  2:03  Drone  
  19  2:11  Queen x2  
  19  2:13  Drone x2  
  25  2:24  Drone x3  
  28  3:03  Drone x3  
  28  3:04  Drone x3  
  32  3:06  Hatchery  
  31  3:21  Overlord, Roach Warren  
  31  3:42  Hatchery  
  31  3:46  Zergling x4  
  31  3:47  Zergling x2  
  33  4:13  Drone x8  
  41  4:18  Extractor  
  40  4:24  Extractor  
  40  4:28  Extractor  
  38  4:33  Zergling x2  
  38  4:34  Zergling x4  
  41  4:43  Spore Crawler  
  40  4:52  Spore Crawler  
  39  5:01  Queen  
  39  5:02  Spore Crawler  
  40  5:18  Roach  
  40  5:20  Overlord x2  
  40  5:21  Overlord x2  
  42  5:26  Lair  
  42  5:38  Metabolic Boost  
  42  5:42  Roach x8  
  66  5:43  Roach x6  
  61  6:24  Queen  
  63  6:27  Ravager  
  63  6:28  Ravager x3  
  67  6:53  Roach x3  
  73  6:55  Zergling x2  
  73  6:58  Overlord x3  
  73  6:59  Overlord  
  74  7:19  Drone x20  
  94  7:56  Hydralisk Den  
  93  8:03  Drone x7  
  100  8:11  Overlord  
  100  8:12  Overlord  
  100  8:13  Pneumatized Carapace  
  100  8:22  Evolution Chamber  
  100  8:24  Evolution Chamber  
  98  8:27  Muscular Augments  
  98  8:29  Hydralisk x8  
  114  8:51  Extractor  
  113  8:56  Extractor  
  113  8:57  Zerg Missile Weapons Level 1  
  113  8:58  Zerg Ground Armor Level 1  
  106  9:21  Hydralisk x5  
  116  9:48  Hydralisk x3  
  116  9:51  Overlord  
  116  9:52  Overlord x2  
  122  9:56  Lurker Den  
  122  10:04  Infestation Pit  
  109  10:15  Queen  
  111  10:26  Hatchery  
  111  10:27  Drone  
  111  10:28  Hydralisk x7  
  98  10:52  Zergling x26  
  98  10:53  Zergling x8  
Tags
 
Add a new tag
Caveats
  • Supply blocks, unpowered buildings, or Contaminate may cause inaccurate times.
  • Supply counts are checked every 10 seconds.